 Dungeon Crawl Stone Soup version 0.21.1-1-g345015f (webtiles) character file.

76 Melicamp the Sneak (level 4, -1/39 HPs)
             Began as a Naga Assassin on Mar 24, 2018.
             Slain by a gnoll
             ... wielding a +0 spear
              (2 damage)
             ... on level 2 of the Dungeon.
             The game lasted 00:08:28 (1418 turns).

Melicamp the Sneak (Naga Assassin)                  Turns: 1418, Time: 00:08:29

Health: -1/39      AC:  3    Str: 14    XL:     4   Next: 32%
Magic:  4/4        EV:  9    Int: 11    God:
Gold:   78         SH:  0    Dex: 13    Spells: 3/3 levels left

rFire    . . .     SeeInvis +   a - +2 dagger
rCold    . . .     Gourm    .   (no shield)
rNeg     . . .     Faith    .   c - +0 robe
rPois    +         Spirit   .   (no helmet)
rElec    .         Reflect  .   d - +0 cloak
rCorr    .         Harm     .   (no gloves)
MR       .....                  (no barding)
Stlth    +++.......             (no amulet)
HPRegen  0.13/turn              (no ring)
MPRegen  0.09/turn              (no ring)

@: very slow
A: large, see invisible, deformed body, poison resistance, slowness 2, slow
metabolism 1, spit poison 1, AC +1
a: Spit Poison


You were on level 2 of the Dungeon.
You were not hungry.

You visited 1 branch of the dungeon, and saw 2 of its levels.

You collected 78 gold pieces.

Inventory:

Hand Weapons
 a - a +2 dagger (weapon)
 b - a +0 blowgun
 h - a +0 hunting sling
Missiles
 e - 16 poisoned needles
 f - 2 curare-tipped needles
 k - 63 stones (quivered)
 l - 21 arrows
Armour
 c - a +0 robe (worn)
 d - a +0 cloak (worn)
 t - a scarf of cloud immunity
Jewellery
 m - a +5 ring of strength {unknown}
 s - an uncursed ring of stealth {unknown}
Scrolls
 i - a scroll of enchant armour {unknown}
 j - a scroll of fog {unknown}
 n - 2 scrolls of identify {unknown}
 q - 3 scrolls of noise {unknown}
 r - a scroll of fear {unknown}
 v - a scroll of teleportation {unknown}
 w - a scroll of immolation {unknown}
 x - a scroll of remove curse {unknown}
Potions
 o - a potion of brilliance {unknown}
 p - a potion of curing {unknown}
 u - a potion of experience {unknown}
Comestibles
 g - 6 rations
 z - 7 chunks of flesh


   Skills:
 - Level 2.0 Fighting
 * Level 4.4 Short Blades
 - Level 1.7 Throwing
 - Level 0.7 Dodging
 - Level 5.8 Stealth


You had 3 spell levels left.
You didn't know any spells.

Dungeon Overview and Level Annotations

Branches:
Dungeon (2/15)

Altars:


Innate Abilities, Weirdness & Mutations

You cannot wear boots.
Your serpentine skin is tough. (AC +1)
You have supernaturally acute eyesight. (SInv)
Armour fits poorly on your strangely shaped body.
Your system is resistant to poisons. (rPois)
You cover ground very slowly.
You have a slow metabolism.
You can spit poison.


Message History

b - a +0 blowgun (weapon)
The gnoll hits you from afar with a spear!
Firing (i - inventory. (,) - cycle):
e - 17 poisoned needles (quivered)
Press: ? - help, Shift-Dir - straight line, f - gnoll
Aim: a gnoll, wielding a spear You shoot a poisoned needle.
The poisoned needle barely misses the gnoll.
The gnoll hits you from afar with a spear!
Wield which item (- for none, * to show all)? (? for menu, Esc to quit)
a - a +2 dagger (weapon)
The gnoll hits you from afar with a spear.
The gnoll hits you from afar with a spear!
* * * LOW HITPOINT WARNING * * *
The gnoll hits you with a spear.
* * * LOW HITPOINT WARNING * * *
You barely miss the gnoll. The gnoll hits you but does no damage.
You hit the gnoll.
The gnoll is lightly wounded.
The gnoll hits you with a spear.
You die...

...... #..........
.g....###.......##
.................#
g..!..............
......#g...(...... # .....
#...>......# #.
#######..........# #.#
##############.).........##
#..####.........@g...#.........#
##........>..#########......##..#
.............# ##.##รท####.#
.##..........#### ##..##.####..
#......<....... #............
##............. ....#.........
#............. ##..#.......#. ##
#.).......###. #.......#.
..##.........# #.......#.


You could see a gnoll.

Vanquished Creatures
  An adder (D:2)
  A gnoll (D:2)
  3 oozes
  A worm (D:2)
  2 leopard geckos
  4 goblins
  5 hobgoblins
  7 jackals
  A quokka (D:2)
  2 bats
  2 frilled lizards (D:1)
  3 kobolds
  6 rats
38 creatures vanquished.

Notes
Turn   | Place    | Note
-------+----------+-------------------------------------------
     0 | D:1      | Melicamp the Naga Assassin began the quest for the Orb.
     0 | D:1      | Reached XP level 1. HP: 19/19 MP: 1/1
    92 | D:1      | Reached XP level 2. HP: 17/26 MP: 2/2
   742 | D:1      | Reached XP level 3. HP: 27/32 MP: 3/3
  1329 | D:2      | Reached XP level 4. HP: 36/39 MP: 4/4
  1416 | D:2      | HP: 1/39 [gnoll/spear (4)]
  1418 | D:2      | Slain by a gnoll

Skill      XL: |  1  2  3 |
---------------+----------+-----
Short Blades   | 3 4 |  4.4
Fighting       | |  2.0
Throwing       | |  1.7
Dodging        | |  0.7
Stealth        | |  5.8

Action                   |  1- 3 |  4- 6 || total
-------------------------+-------+-------++-------
Melee: Dagger            |    84 |    30 ||   114
 Fire: Blowgun           |     5 |     3 ||     8
Throw: Stone             |     4 |       ||     4
 Abil: Spit Poison       |     3 |     3 ||     6
 Stab: Sleeping          |     9 |       ||     9
  Eat: Chunk             |     1 |       ||     1
Armor: Robe              |    22 |     7 ||    29
Dodge: Dodged            |    25 |     9 ||    34
